 Dungeon Crawl Stone Soup version 0.31-a0-263-ge8cad7f256 (webtiles) character file.

Game seed: 4170991429831594370

84 qw the Shooter (level 4, 0/36 HPs)
             Began as a Minotaur Hexslinger on July 13, 2023.
             Slain by a goblin
             ... wielding a +0 dagger
             ... led by Robin
              (4 damage)
             ... on level 2 of the Dungeon.
             The game lasted 00:00:28 (1042 turns).

qw the Shooter (Minotaur Hexslinger)                Turns: 1042, Time: 00:00:28

Health: 0/36       AC:  2    Str: 13    XL:     4   Next: 23%
Magic:  4/4        EV: 12    Int: 10    God:
Gold:   96         SH:  0    Dex: 14    Spells: 4/5 levels left

rFire   . . .        Y - +1 sling
rCold   . . .        (no shield)
rNeg    . . .        c - +0 robe
rPois   +            (helmet restricted)
rElec   .            (no cloak)
rCorr   .            (no gloves)
SInv    .            (no boots)
Will    .....        (no amulet)
Stlth   +            g - ring of poison resistance
HPRegen 0.26/turn    (no ring)
MPRegen 0.09/turn

%: no passive effects
@: no status effects
A: horns 2, retaliatory headbutt
a: no special abilities


You were on level 2 of the Dungeon.
You visited 1 branch of the dungeon, and saw 2 of its levels.

You collected 96 gold pieces.


Innate Abilities, Weirdness & Mutations

You have a pair of horns on your head.
You reflexively headbutt those who attack you in melee.


   Skills:
 - Level 2.1 Fighting
 + Level 4.7 Ranged Weapons
 - Level 2.1 Dodging
 - Level 1.0 Spellcasting
 - Level 2.0 Hexes


You had 4 spell levels left.
You knew the following spells:

 Your Spells              Type           Power      Damage    Failure   Level
a - Slow                  Hex            16%        N/A       16%         1

Your spell library contained the following spells:

 Spells                   Type           Power      Damage    Failure   Level
 Inner Flame              Hex/Fire       2%         N/A       56%         3
 Portal Projectile        Hex/Tloc       4%         N/A       56%         3
 Cause Fear               Hex            2%         N/A       83%         4

Inventory:

Hand Weapons
 Y - a +1 sling (weapon)
Armour
 c - a +0 robe (worn)
Jewellery
 g - a ring of poison resistance (left hand)
Scrolls
 a - 2 scrolls of identify
Potions
 b - a potion of curing {unknown}
 d - a potion of might {unknown}
 e - a potion of degeneration {unknown}

Dungeon Overview and Level Annotations

Branches:
Dungeon (2/15)

Altars:


Message History

The goblin shoots a sling bullet.
The sling bullet closely misses you.
You shoot a sling bullet. The sling bullet hits the goblin!
You kill the goblin!
The goblin shoots a sling bullet.
The sling bullet hits you. The goblin hits you with a +0 dagger.
You shoot a sling bullet.
The sling bullet closely misses the goblin.
The sling bullet hits the goblin.
You kill the goblin!
The goblin hits you with a +0 dagger.
The goblin shoots a sling bullet.
The sling bullet hits you.
You shoot a sling bullet.
The sling bullet closely misses the goblin.
The sling bullet hits the hobgoblin.
You kill the hobgoblin!
The goblin barely misses you.
The goblin unwields a +0 sling.
The goblin wields a +0 club.
The goblin hits you with a +0 club.
The goblin shoots a sling bullet.
The sling bullet misses you.
You shoot a sling bullet.
The sling bullet closely misses the goblin.
The sling bullet hits the hobgoblin but does no damage.
The hobgoblin no longer looks unusually strong.
The goblin hits you with a +0 club.
You shoot a sling bullet. The sling bullet hits the hobgoblin.
The hobgoblin is almost dead.
The goblin hits you with a +0 dagger.
The hobgoblin hits you but does no damage.
The goblin misses you.
You shoot a sling bullet.
The sling bullet hits the hobgoblin but does no damage.
The hobgoblin is almost dead.
The goblin closely misses you. You furiously retaliate!
You headbutt the goblin. The hobgoblin closely misses you.
The goblin hits you with a +0 club.
The goblin unwields a +0 sling.
The goblin wields a +0 club.
The goblin closely misses you. You furiously retaliate!
You headbutt the goblin. You shoot a sling bullet.
The sling bullet hits the hobgoblin!
You kill the hobgoblin!
The goblin no longer looks unusually strong. x2
The goblin hits you with a +0 dagger.
You die...

#...######..## #.# #.......#
#........#.(.## #.# #.......#
#...##..###...## ##.# #.......#
#...##.## #.#..####..# ##.....##
..#....####.##......## ##.....##
.........#........######..<....#
..#..........>..#..# #.........#
.#..............g#.###.#.......#
#...............@))....##.....##
...............gg##w.#####...##
................)###.# ##.##
##.......>.......# #gg# .#
##.............)## ##..g .#
.###.....#.....## ##w.
....##...#####.. ... ..#.. ..##
... .. ..... ..


You could see a dart slug and 3 goblins.

Vanquished Creatures
  Terence (D:1)
  Robin (D:2)
  A worm (D:2)
  4 dart slugs
  2 ball pythons (D:2)
  A bat (D:1)
  3 endoplasms
  8 goblins
  9 hobgoblins
  A kobold (D:1)
  A quokka (D:1)
  3 rats (D:1)
35 creatures vanquished.

Notes
Turn   | Place    | Note
-------+----------+-------------------------------------------
     0 | D:1      | qw the Minotaur Hexslinger began the quest for the Orb.
     0 | D:1      | Reached XP level 1. HP: 16/16 MP: 1/1
     0 | D:1      | 0 ||| qw: Version: 0.3-a-52-g30416fa
     0 | D:1      | 0 ||| qw: Game counter: 7153
     0 | D:1      | 0 ||| qw: Melee chars always use a shield: true
     0 | D:1      | 0 ||| qw: God list: Okawaru
     0 | D:1      | 0 ||| qw: Allow faded altars: false
     0 | D:1      | 0 ||| qw: Do Orc after clearing Dungeon:15 true
     0 | D:1      | 0 ||| qw: Do second Lair branch before Depths: true
     0 | D:1      | 0 ||| qw: Lair rune preference: random
     0 | D:1      | 0 ||| qw: Goals: Normal
     0 | D:1      | 0 ||| PLANNING D:1-11
   111 | D:1      | Reached skill level 3 in Ranged Weapons
   111 | D:1      | Reached XP level 2. HP: 15/23 MP: 2/2
   338 | D:1      | Found a faded altar of an unknown god.
   622 | D:1      | 622 ||| UPGRADING to ring of poison resistance.
   623 | D:1      | 623 ||| READING 4 scrolls labelled ASTANL SAIXO.
   624 | D:1      | 624 ||| READING scroll labelled ESYZAUHEUS.
   625 | D:1      | 625 ||| READING 2 scrolls labelled COCRISCH YFFESM.
   626 | D:1      | 626 ||| READING 3 scrolls of identify.
   626 | D:1      | 626 ||| IDENTIFYING smoky pink potion
   627 | D:1      | 627 ||| DROPPING scroll of poison.
   628 | D:1      | 628 ||| DROPPING potion of lignification.
   629 | D:1      | 629 ||| DROPPING scroll of revelation.
   658 | D:2      | Noticed Terence
   661 | D:2      | 661 ||| STAIRDANCE
   664 | D:1      | HP: 6/24 [Terence/+1 hand axe of freezing (8)]
   667 | D:1      | Killed Terence
   668 | D:1      | Reached skill level 4 in Ranged Weapons
   668 | D:1      | Reached XP level 3. HP: 5/29 MP: 3/3
  1022 | D:2      | Noticed Robin
  1025 | D:2      | Reached XP level 4. HP: 36/36 MP: 4/4
  1031 | D:2      | Killed Robin
  1032 | D:2      | 1032 ||| Stepping ~*~*~tactically~*~*~ (outnumbered).
  1033 | D:2      | 1033 ||| Stepping ~*~*~tactically~*~*~ (outnumbered).
  1040 | D:2      | HP: 8/36 [goblin/+0 dagger[Robin] (3)]
  1041 | D:2      | HP: 3/36 [goblin/+0 club[Robin] (5)]
  1042 | D:2      | Slain by a goblin

Levels and vault maps discovered:
D:1:      dpeg_arrival_round_b, layout_rooms,
          shapermc_ecumenical_altar_flowoftime
D:2:      layout_rooms, uniq_terence, uniq_robin

Skill      XL: |  1  2 |
---------------+-------+-----
Ranged Weapons | 3 4 |  4.7
Fighting       | 2 |  2.1
Dodging        | |  2.1
Spellcasting   | |  1.0
Hexes          | |  2.0

Action                     |  1- 3 |  4- 6 || total
---------------------------+-------+-------++-------
   Fire: Sling             |    87 |    16 ||   103
    Use: Scroll            |     4 |       ||     4
 Armour: Robe              |     2 |     2 ||     4
  Dodge: Dodged            |    13 |    11 ||    24

Table legend:
 A = Non-vault XP
 B = Vault XP
 C = Vault XP percentage of total XP
 D = Non-vault monster count
 E = Vault monster count
 F = Vault count percentage of total count
                 A         B        C        D         E       F
            +---------+---------+-------+---------+---------+-------
      Total |      55 |      67 |  54.9 |      24 |      11 |  31.4
            +---------+---------+-------+---------+---------+-------
        D:1 |      39 |      36 |  48.0 |      18 |       1 |   5.3
        D:2 |      16 |      31 |  66.0 |       6 |      10 |  62.5
            +---------+---------+-------+---------+---------+-------
